 Dungeon Crawl Stone Soup version 0.20-a0-277-g7db01f4 (webtiles) character file.

73 Duffy the Digger (level 4, 20/36 HPs)
             Began as a Deep Dwarf Earth Elementalist on Dec 12, 2016.
             Quit the game on level 2 of the Dungeon.
             The game lasted 00:04:25 (2045 turns).

Duffy the Digger (Deep Dwarf Earth Elementalist)    Turns: 2045, Time: 00:04:25

Health: 20/36      AC:  3    Str: 12    XL:     4   Next: 8%
Magic:  7/7        EV: 11    Int: 16    God:
Gold:   107        SH:  3    Dex: 13    Spells: 2/8 levels left

rFire  . . .     SeeInvis .     l - -1 trident (curse)
rCold  + . .     Gourm    .     g - +0 leather armour
rNeg   . . .     Faith    .     p - +0 buckler (curse)
rPois  .         Spirit   .     (no helmet)
rElec  .         Reflect  .     (no cloak)
rCorr  +         Harm     .     (no gloves)
MR     .....                    (no boots)
Stlth  ++........               (no amulet)
                                s - ring of protection from cold
                                n - ring of resist corrosion

@: non-regenerating
A: damage resistance, recharge devices, sense surroundings 1, slow regeneration
3
a: Device Recharging


You were on level 2 of the Dungeon.
You were not hungry.

You visited 1 branch of the dungeon, and saw 3 of its levels.

You collected 107 gold pieces.

Inventory:

Hand Weapons
 a - a +0 mace
 l - a cursed -1 trident (weapon)
Missiles
 b - 131 stones (quivered)
Armour
 g - a +0 leather armour (worn)
 j - a +0 ring mail
 p - a cursed +0 buckler (worn)
Jewellery
 n - a ring of resist corrosion (left hand)
 s - a ring of protection from cold (right hand)
Wands
 d - a wand of heal wounds (5/9)
Potions
 c - 2 potions of curing
 h - a potion of might
 i - 2 potions of mutation
 k - a potion of heal wounds
 q - a potion of resistance {unknown}
 t - a potion of degeneration {unknown}
Books
 e - a book of Geomancy

   Spells                             Type                      Level
   a - Sandblast                      Earth                        1
   b - Passwall                       Transmutation/Earth          2
   c - Stone Arrow                    Conjuration/Earth            3
   d - Petrify                        Transmutation/Earth          4
   e - Lee's Rapid Deconstruction     Earth                        5
Comestibles
 f - 4 bread rations


   Skills:
 - Level 2.1 Dodging
 - Level 2.4 Stealth
 - Level 2.5 Spellcasting
 + Level 0.8 Conjurations
 - Level 0.8 Transmutations
 + Level 5.5 Earth Magic


You had 2 spell levels left.
You knew the following spells:

 Your Spells              Type           Power        Failure   Level  Hunger
a - Sandblast             Erth           ###...       6%          1    #......
l - Stone Arrow           Conj/Erth      ##....       38%         3    ###....
p - Passwall              Tmut/Erth      ##........   21%         2    ##.....


Dungeon Overview and Level Annotations

Branches:
Dungeon (3/15)

Altars:


Innate Abilities, Weirdness & Mutations

You are resistant to damage.
You can recharge devices by infusing magical energy.
You passively map a small area around you.
You do not regenerate.


Message History

f - 4 bread rations (gained 1)
t - a sedimented silvery potion
As you read the scroll labeled LEKUIVE LUITUB, it crumbles to dust.
You feel strangely unstable.
It was a scroll of teleportation.
As you read the scroll labeled QYMIRE FAIP, it crumbles to dust.
It is a scroll of enchant weapon.
Your cursed -2 trident glows red for a moment.
As you read the scroll labeled QABIOXOVOQ, it crumbles to dust.
You hear a loud clanging noise!
It was a scroll of noise.
You can't unwield your weapon to draw a new one!
Wear which item? (? for menu, Esc to quit)
Your surroundings suddenly seem different.
Keep equipping yourself?
Keep equipping yourself?
You start putting on your armour.
You continue putting on your glowing buckler. x4
You finish putting on your cursed +0 buckler.
Oops, that feels deathly cold.
Are you sure you want to abandon this character and quit the game? (Confirm with "yes".)

##.## ##.# #.# #.. , ...###...#
#.#*.. ,, # ##(# #...# #.##.# ,
####..###.#** #..#.#* ...#.##...#
##...# * ##...#..### ######.%###
##.....## #########.......#
#..##..# #.........#####.#
....<..## #....@...## #.#
....##..####........# #.#
..))###.....(.......######.######
....# ######.....(....#..........
....# ###.######............
....# #.# ##........... %...#
###* ##.## ##........).
..........###...# #..........
....### #...).### #...(......


There were no monsters in sight!

Vanquished Creatures
  A gnoll (D:2)
  2 oozes
  A worm (D:2)
  A leopard gecko (D:2)
  An orc (D:3)
  3 giant cockroaches
  8 hobgoblins
  2 jackals (D:2)
  2 quokkas (D:2)
  A ball python (D:1)
  6 bats
  A frilled lizard (D:1)
  6 goblins
  6 kobolds
  3 rats (D:1)
44 creatures vanquished.

Notes
Turn   | Place    | Note
-------+----------+-------------------------------------------
     0 | D:1      | Duffy the Deep Dwarf Earth Elementalist began the quest for the Orb.
     0 | D:1      | Reached XP level 1. HP: 15/15 MP: 3/3
   244 | D:1      | Reached skill level 2 in Spellcasting
   368 | D:1      | Reached XP level 2. HP: 22/22 MP: 0/5
   522 | D:1      | Learned a level 2 spell: Passwall
   935 | D:1      | Reached skill level 5 in Earth Magic
  1217 | D:2      | Reached XP level 3. HP: 24/28 MP: 3/6
  1461 | D:2      | You fall through a shaft!
  1580 | D:3      | Learned a level 3 spell: Stone Arrow
  1834 | D:1      | Reached XP level 4. HP: 20/36 MP: 7/7
  2045 | D:2      | Quit the game

Vault maps used:
D:1:      minmay_arrival_four_houses
D:3:      first_bread, uniq_jessica

Skill      XL: |  1  2 |
---------------+-------+-----
Spellcasting   | 2 |  2.5
Earth Magic    | 5 |  5.5
Dodging        | |  2.1
Stealth        | |  2.4
Conjurations   | |  0.8
Transmutations | |  0.8

Action                   |  1- 3 |  4- 6 || total
-------------------------+-------+-------++-------
Melee: Mace              |    22 |       ||    22
 Cast: Sandblast         |    75 |     8 ||    83
  Use: Scroll            |     4 |     3 ||     7
  Eat: Chunk             |     4 |     1 ||     5
Armor: Leather armour    |    20 |     2 ||    22
Dodge: Dodged            |    50 |     4 ||    54
